Cogmind - Beta 9.6 *** ADVENTURER MODE // 2020.04.24 @ 13:52:24 Player: Plarzay Result: Destroyed by G-67 Veteran with Plasma Rifle Performance ------------- Evolutions (6) 3000 Regions Visited (12) 2400 Robots Destroyed (135) 675 Value Destroyed (6085) 6085 Prototype IDs (4) 80 Alien Tech Used (0) 0 Bonus (565) 565 TOTAL SCORE: 12805 Bonus ------- High Alert Combat Kills 106 Follower Combat Kills 356 Aligned with FarCom 300 Friendly Fire -197 Cogmind --------- Core Integrity 0/1150 Matter 297/300 Energy 100/100 System Corruption 3% Temperature Cool (0) Movement Core (1100) Ox21 Location -4/Upper Caves Parts ------- > --- POWER (2) -------- (None) > --- PROPULSION (4) --- (None) > --- UTILITY (10) ----- Advanced Coolant Injector High-capacity Storage Unit High-capacity Storage Unit > --- WEAPON (3) ------- (None) > --- INVENTORY (20) --- Neutrino Core Peak State ------------ > --- POWER ------------ Neutrino Core Antimatter Reactor > --- PROPULSION ------- Improved Carbon-fiber Leg Myomer Leg Myomer Leg Myomer Leg > --- UTILITY ---------- Power Amplifier Advanced Heat Sink Advanced Heat Sink Advanced Coolant Injector High-capacity Storage Unit High-capacity Storage Unit Energy Well Energy Filter Layered Light Armor Plating Advanced Shield Generator > --- WEAPON ----------- Tesla Rifle Variable Charge Gun Heavy Proton Cannon > --- INVENTORY -------- Improved Deuterium Engine Improved Deuterium Engine Improved Carbon-fiber Leg Improved Carbon-fiber Leg Flexi-carbon Leg Fusion Compressor Improved Cooling System Layered Light Armor Plating Layered Light Armor Plating Layered Light Armor Plating Improved Force Field Electrolaser Heavy Laser Plasma Rifle Plasma Rifle Gauss Rifle Magnetic Acceleration Cannon Magnetic Acceleration Cannon Grenade Launcher Grenade Launcher [Rating: 108] Favorites ----------- Power Neutrino Core Engine Ion Engine Power Core Neutrino Core Reactor Antimatter Reactor Propulsion Aluminum Leg Leg Aluminum Leg Wheel Compact Wheel Utility High-capacity Storage Unit Device Advanced Heat Sink Storage High-capacity Storage Unit Protection Layered Light Armor Plating Weapon Gatling Laser Energy Gun Gatling Laser Energy Cannon Heavy Particle Cannon Ballistic Gun Light Assault Rifle Ballistic Cannon Magnetic Acceleration Cannon Launcher Grenade Launcher Special Weapon Field Lobotomy Kit Slashing Weapon Power Sword Build | -11 -10 -10 -10 -9 -8 -7 -6 -6 -5 -4 -4 -4 ------- Run | Scr Mat Min Exi Min Mat Fac Fac Ext Fac Fac Upp Upp Slots Evolved 12 | . . . . . 4 2 2 . 2 2 . . Power 1 | . . . . . . . . . 1 . . . Propulsion 2 | . . . . . 1 . 1 . . . . . Utility 8 | . . . . . 2 2 1 . 1 2 . . Weapon 1 | . . . . . 1 . . . . . . . Parts Attached 150 | 7 5 . 2 1 19 17 21 8 14 24 13 19 Power 18 | 2 . . . . 2 1 4 . 3 1 1 4 Engine 9 | 2 . . . . 2 1 2 . . . . 2 Core 5 | . . . . . . . 2 . 3 . . . Reactor 4 | . . . . . . . . . . 1 1 2 Propulsion 38 | 2 2 . . . 5 6 5 1 3 8 1 5 Treads . | . . . . . . . . . . . . . Leg 36 | . 2 . . . 5 6 5 1 3 8 1 5 Wheel 2 | 2 . . . . . . . . . . . . Hover . | . . . . . . . . . . . . . Flight . | . . . . . . . . . . . . . Utility 45 | 1 2 . . . 4 4 9 3 3 10 5 4 Device 26 | . . . . . 1 3 4 3 3 9 3 . Storage 9 | 1 1 . . . 2 . 4 . . . . 1 Processor . | . . . . . . . . . . . . . Hackware . | . . . . . . . . . . . . . Protection 10 | . 1 . . . 1 1 1 . . 1 2 3 Artifact . | . . . . . . . . . . . . . Weapon 49 | 2 1 . 2 1 8 6 3 4 5 5 6 6 Energy Gun 27 | 1 . . . . 5 3 1 3 3 5 4 2 Energy Cannon 5 | . . . . . 1 1 1 . 1 . 1 . Ballistic Gun 6 | 1 1 . . . . 2 1 1 . . . . Ballistic Cannon 5 | . . . 1 . 1 . . . 1 . 1 1 Launcher 4 | . . . . 1 1 . . . . . . 2 Special Weapon 1 | . . . 1 . . . . . . . . . Impact Weapon . | . . . . . . . . . . . . . Slashing Weapon 1 | . . . . . . . . . . . . 1 Piercing Weapon . | . . . . . . . . . . . . . Special Melee Weapon . | . . . . . . . . . . . . . Unidentified Prototypes 4 | . . . 1 . . 1 1 . 1 . . . Parts Lost 73 | . 2 . . . 5 3 . 4 6 7 14 32 Power 8 | . . . . . 1 . . . . 1 1 5 Propulsion 14 | . 1 . . . 1 . . . 2 1 1 8 Utility 23 | . . . . . 1 . . . 2 4 6 10 Weapon 28 | . 1 . . . 2 3 . 4 2 1 6 9 Highest Loss Streak 22 | . 1 . . . 2 2 . 2 4 3 14 22 Average Slot Usage (%) 97 | . 94 100 100 100 97 100 100 99 99 99 95 78 Engine 5 | . 14 14 14 14 8 7 3 . . . . . Core 2 | . . . . . . . 2 6 11 6 2 . Reactor 1 | . . . . . . . . . . 3 7 8 Leg 23 | . 12 28 28 28 26 23 26 26 23 20 20 16 Device 15 | . . . . . 8 21 20 20 22 30 22 7 Storage 16 | . 14 14 14 14 18 15 20 20 17 15 15 16 Protection 8 | . 9 14 14 14 8 8 6 6 5 5 9 15 Energy Gun 7 | . 9 . . . 12 12 6 12 11 11 11 1 Energy Cannon 3 | . . . . . 3 2 11 5 . 3 . . Ballistic Gun 5 | . 17 28 12 . . 6 1 . 1 . . . Ballistic Cannon 1 | . . . 7 5 3 . . . 1 . 2 5 Launcher 1 | . . . . 8 4 . . . . . . 5 Special Weapon 1 | . . . 8 14 2 . . . . . . . Naked Turns . | . . . . . . . . . . . . . Heaviest Build 141 | 12 41 40 49 49 71 77 105 105 129 141 135 139 Greatest Support 101 | 32 32 20 20 20 33 53 96 101 101 93 100 100 Greatest Overweight (x) 4 | 2 2 1 2 2 3 2 1 1 1 2 1 4 Average Overweight (x) 1 | . . 1 1 2 1 1 . . 1 1 1 1 Largest Inventory Capacity 20 | 6 12 12 12 12 18 18 20 20 20 20 20 20 Average Capacity 17 | 5 8 12 12 12 16 18 19 20 20 20 20 20 Most Carried 20 | 4 7 12 12 12 18 18 20 20 20 20 19 12 Average Carried 15 | 2 5 9 11 12 14 17 18 19 19 19 15 6 Final Capacity 20 | 6 12 12 12 12 18 18 20 20 20 20 20 20 Final Carried 20 | 4 7 12 12 12 18 18 20 20 20 19 13 1 Class Distribution -------------------- 26% | Mutant 16% | Hauler-Skirmisher 13% | Hauler-Tank 13% | Scavenger-Mutant 11% | Scavenger-Tank 11% | Scavenger-Skirmisher Dominant Class ---------------- Mutant | -10/Materials Mutant | -10/Mines Mutant | -10/Exiles Mutant | -9/Mines Scavenger-Mutant | -8/Materials Scavenger-Skirmisher | -7/Factory Hauler-Skirmisher | -6/Factory Hauler-Skirmisher | -6/Extension Hauler-Tank | -5/Factory Hauler-Tank | -4/Factory Scavenger-Tank | -4/Upper Caves Scavenger-Mutant | -4/Upper Caves Resources | -11 -10 -10 -10 -9 -8 -7 -6 -6 -5 -4 -4 -4 ----------- Run | Scr Mat Min Exi Min Mat Fac Fac Ext Fac Fac Upp Upp Matter Collected 2276 | 245 97 12 . 22 372 263 226 95 164 235 157 388 Remotely 28 | . . . . . . . . . . . 28 . Salvage Created 6227 | . 227 99 . 13 853 433 956 297 582 1792 606 369 Parts 246 | . 11 4 . 2 58 23 23 8 20 67 16 14 Haulers Intercepted 4 | . . . . . . . 3 . . 1 . . Recyclers Shooed 2 | . . . . . 1 1 . . . . . . Parts Field Recycled . | . . . . . . . . . . . . . Retrieved Matter . | . . . . . . . . . . . . . Parts Self-Destructed 15 | . . . . . . . . . . . 6 9 Prevented 14 | . . . . . . . . . . . 11 3 Kills | -11 -10 -10 -10 -9 -8 -7 -6 -6 -5 -4 -4 -4 ------- Run | Scr Mat Min Exi Min Mat Fac Fac Ext Fac Fac Upp Upp Combat Hostiles Destroyed 118 | . 5 2 . 3 31 9 11 5 9 19 10 14 Melee 1 | . . . . . . . . . . . . 1 Guns 54 | . 4 2 . . 13 8 2 2 5 12 3 3 Cannons 28 | . . . . . 7 1 7 1 4 1 4 3 AOE 25 | . 1 . . 3 10 . 2 . . 2 . 7 Classes Destroyed 12 | . 1 . . 1 5 1 2 . 1 1 . . Worker 4 | . . . . . . . . . 1 3 . . Builder 4 | . . . . . 1 1 1 . . 1 . . Hauler 4 | . . . . . . . 3 . . 1 . . Recycler 2 | . . . . . . . . . . 2 . . Watcher 3 | . . . . . . 1 . . 1 1 . . Swarmer 26 | . . . . 3 11 3 . . . . 3 6 Grunt 52 | . 5 2 . . 11 . 8 2 8 7 2 7 Brawler 2 | . . . . . 1 . . . . . 1 . Duelist 4 | . . . . . 1 . . . . . 2 1 Sentry 18 | . . . . . 5 3 2 3 . 3 2 . Hunter 11 | . . . . . 2 3 . . 1 5 . . Programmer 5 | . . . . . . . 1 . . 4 . . Best Kill Streak 9 | . 4 2 . 3 8 4 3 2 5 7 8 9 Combat Bots Only 9 | . 4 2 . 3 7 4 3 2 4 5 8 9 Max Kills in Single Turn 5 | . 1 1 . 2 3 2 2 1 2 5 1 2 Gunslinging . | . . . . . . . . . . . . . Exploded 3 | . 1 . . 2 3 . 2 . . 1 . 1 Melee 1 | . . . . . . . . . . . . 1 Uniques/NPCs Destroyed . | . . . . . . . . . . . . . Combat | -11 -10 -10 -10 -9 -8 -7 -6 -6 -5 -4 -4 -4 -------- Run | Scr Mat Min Exi Min Mat Fac Fac Ext Fac Fac Upp Upp Damage Taken 10516 | . 366 81 . 15 981 640 596 520 880 961 1348 4128 Core 1693 | . 100 28 . 7 174 47 56 86 41 100 42 1012 Absorbed by Shields 1269 | . . . . . . . . 192 257 558 262 . Core Remaining (%) 80 | 100 . . . 46 68 93 . 83 95 . . . Volleys Fired 317 | . 25 6 . 2 56 27 32 20 22 55 30 42 Largest 3 | . 2 2 . 1 2 3 3 3 3 3 3 3 Hottest 300 | . 60 40 . 30 160 188 215 218 230 300 215 179 Shots Fired 722 | . 46 12 . 2 94 71 85 58 66 146 66 76 Gun 486 | . 46 12 . . 38 61 29 50 53 124 46 27 Cannon 202 | . . . . . 42 10 56 8 13 22 20 31 Launcher 29 | . . . . 2 9 . . . . . . 18 Special 5 | . . . . . 5 . . . . . . . Kinetic 145 | . 32 12 . . 21 24 3 2 11 . 9 31 Thermal 394 | . . . . . 59 47 57 50 39 79 36 27 Explosive 29 | . . . . 2 9 . . . . . . 18 Electromagnetic 149 | . 14 . . . . . 25 6 16 67 21 . Robot Hit Streak 34 | . 21 10 . 11 23 30 16 34 29 24 31 10 Robot Miss Streak 3 | . 2 1 . . 2 3 2 1 2 3 2 3 Penetration Max . | . . . . . . . . . . . . . Secondary Targets 2 | . 1 . . . . . . . . . . 1 Max Gunslinging Chain 1 | . 1 . . . . . . . . . . 1 Shots Hit Robots 582 | . 38 11 . 1 77 60 68 49 53 112 55 58 Core Hits 315 | . 13 8 . 3 63 36 33 18 25 57 18 41 Critical Hits 4 | . . . . . . . 1 . 1 . 1 1 Critical Kills 2 | . . . . . . . . . 1 . . 1 Critical Parts Destroyed 2 | . . . . . . . 1 . . . 1 . Melee Attacks 5 | . . . . . . . . . . . . 5 Impact . | . . . . . . . . . . . . . Slashing 5 | . . . . . . . . . . . . 5 Piercing . | . . . . . . . . . . . . . Sneak Attacks . | . . . . . . . . . . . . . Combat Hostiles . | . . . . . . . . . . . . . Follow-up Attacks . | . . . . . . . . . . . . . Damage Inflicted 16507 | . 483 93 . 168 2332 1152 2029 1204 1377 4045 1226 2398 Guns 8426 | . 372 93 . . 792 956 480 1019 1029 2585 708 392 Cannons 4226 | . . . . . 559 196 1190 176 348 563 518 676 Explosions 3565 | . 111 . . 168 981 . 346 . . 866 . 1093 Melee 217 | . . . . . . . . . . . . 217 Ramming 73 | . . . . . . . 13 9 . 31 . 20 Kinetic 1980 | . 196 93 . . 246 322 44 22 207 . 174 676 Thermal 8020 | . 111 . . . 1105 830 1380 1053 764 1884 501 392 Explosive 2778 | . . . . 168 981 . . . . 536 . 1093 Electromagnetic 3439 | . 176 . . . . . 592 120 406 1594 551 . Impact . | . . . . . . . . . . . . . Slashing 217 | . . . . . . . . . . . . 217 Piercing . | . . . . . . . . . . . . . Highest Corruption 3 | . . . . . . . 3 3 . 1 1 3 Average Corruption 1 | . . . . . . . 2 3 . 1 1 1 Corruption Purged . | . . . . . . . . . . . . . Effects 25 | . . . . . . . 8 12 . 2 1 2 Message Errors 5 | . . . . . . . 4 1 . . . . Matter Fused 6 | . . . . . . . 2 4 . . . . Heat Flow Errors 2 | . . . . . . . 1 1 . . . . Energy Discharges 4 | . . . . . . . 1 2 . . . 1 Data Loss (minor) 2 | . . . . . . . . 1 . 1 . . Targeting Errors 5 | . . . . . . . . 3 . 1 1 . Weapon Failures 1 | . . . . . . . . . . . . 1 Overload Shots 5 | . . . . . . . . . . 5 . . Effects 1 | . . . . . . . . . . 1 . . Energy Bleed 1 | . . . . . . . . . . 1 . . Overflow Damage 216 | . . . . . 22 3 34 . . 119 . 38 Projectiles 82 | . . . . . 5 3 12 . . 58 . 4 Explosions 119 | . . . . . 17 . 22 . . 46 . 34 Melee 15 | . . . . . . . . . . 15 . . Knockbacks 12 | . . . . . 7 . . . 2 . 1 2 Impact . | . . . . . . . . . . . . . Kinetic 12 | . . . . . 7 . . . 2 . 1 2 Secondary . | . . . . . . . . . . . . . Self-Inflicted Damage 296 | . . . . . 18 . 100 4 . 138 . 36 Shots 7 | . . . . . 2 . 2 . . 2 . 1 Rammed 5 | . . . . . . . 1 1 . . . 3 Targets Rammed 10 | . . . . . . . 3 1 . 2 . 4 Kicked 5 | . . . . . . . 2 . . 2 . 1 Crushed . | . . . . . . . . . . . . . Highest Temperature 382 | . 196 21 . . 382 72 202 150 209 199 192 197 Average Temperature 72 | . 78 10 . . 104 22 64 51 63 71 83 96 Received Heat Transfer 2449 | . 213 60 . . 297 72 213 186 383 41 219 765 Effects 1 | . . . . . 1 . . . . . . . Shutdowns 1 | . . . . . 1 . . . . . . . Siege Activations . | . . . . . . . . . . . . . Robots Corrupted 5 | . . . . . . . . . . 3 2 . Combat Hostiles 4 | . . . . . . . . . . 2 2 . Parts Fried 21 | . 1 . . . . . 2 1 3 11 3 . Impact Corruptions 1 | . . . . . . . . . . 1 . . Robots Melted 6 | . . . . . 1 . . 2 . 2 1 . Combat Hostiles 6 | . . . . . 1 . . 2 . 2 1 . Parts Melted 40 | . . . . . 6 4 4 6 2 11 6 1 Heat Transferred 14255 | . 150 . . . 2466 1590 1952 2090 1326 2710 1120 851 Parts Sabotaged . | . . . . . . . . . . . . . Parts Stolen . | . . . . . . . . . . . . . Parts Stripped . | . . . . . . . . . . . . . Power Chain Reactions 3 | . 1 . . . . . 1 . . 1 . . Missiles Intercepted . | . . . . . . . . . . . . . Alert | -11 -10 -10 -10 -9 -8 -7 -6 -6 -5 -4 -4 -4 ------- Run | Scr Mat Min Exi Min Mat Fac Fac Ext Fac Fac Upp Upp Peak Influence 600 | . 139 110 . 70 600 333 352 243 107 428 . . Average Influence 142 | . 72 38 . 38 243 229 196 81 46 150 . . Maximum Alert Level 2 | . . . . . 2 1 1 1 . 2 . . Low Security (%) 73 | 100 100 100 . 100 58 34 55 97 100 68 . . Level 1 24 | . . . . . 24 65 44 2 . 29 . . Level 2 2 | . . . . . 17 . . . . 2 . . Level 3 . | . . . . . . . . . . . . . Level 4 . | . . . . . . . . . . . . . Level 5 . | . . . . . . . . . . . . . High Security . | . . . . . . . . . . . . . Max Security . | . . . . . . . . . . . . . Squads Dispatched 21 | . . . . . 7 3 4 . . 6 . 1 Investigation 6 | . . . . . 2 . 3 . . 1 . . Extermination 2 | . . . . . . . 1 . . 1 . . Reinforcement 9 | . . . . . 4 3 . . . 2 . . Assault 2 | . . . . . 1 . . . . . . 1 Garrison 2 | . . . . . . . . . . 2 . . Intercept . | . . . . . . . . . . . . . Construction Impeded 2 | . . . . . 1 1 . . . . . . Haulers Reinforced . | . . . . . . . . . . . . . Stealth | -11 -10 -10 -10 -9 -8 -7 -6 -6 -5 -4 -4 -4 --------- Run | Scr Mat Min Exi Min Mat Fac Fac Ext Fac Fac Upp Upp Distress Signals 11 | . 1 . . . 5 . 2 1 1 1 . . Communications Jammed . | . . . . . . . . . . . . . Distress Signals . | . . . . . . . . . . . . . Times Spotted 192 | . 11 2 . 2 47 15 17 13 20 26 13 26 Peak Tracking Total 10 | . 5 2 . 2 10 4 3 4 10 5 9 10 Tactical Retreats 18 | . 3 . . . 1 . 4 1 5 2 2 . Traps | -11 -10 -10 -10 -9 -8 -7 -6 -6 -5 -4 -4 -4 ------- Run | Scr Mat Min Exi Min Mat Fac Fac Ext Fac Fac Upp Upp Traps Triggered 9 | . 2 . . . 1 . 1 2 . 3 . . Indirectly . | . . . . . . . . . . . . . Trap Hack Attempts . | . . . . . . . . . . . . . Triggered . | . . . . . . . . . . . . . Disarmed . | . . . . . . . . . . . . . Reprogrammed . | . . . . . . . . . . . . . Reused . | . . . . . . . . . . . . . Traps Extracted . | . . . . . . . . . . . . . Installed . | . . . . . . . . . . . . . Triggered . | . . . . . . . . . . . . . Machines | -11 -10 -10 -10 -9 -8 -7 -6 -6 -5 -4 -4 -4 ---------- Run | Scr Mat Min Exi Min Mat Fac Fac Ext Fac Fac Upp Upp Machines Disabled 21 | . . . . . 2 . 13 1 . 5 . . Max in Single Turn 13 | . . . . . 1 . 13 . . 4 . . Garrison Access 2 | . . . . . . . 1 . 1 . . . Machines Sabotaged . | . . . . . . . . . . . . . Garrisons Compromised . | . . . . . . . . . . . . . Overloaded Fab Kills . | . . . . . . . . . . . . . Fab Network Shutdowns . | . . . . . . . . . . . . . Hacking | -11 -10 -10 -10 -9 -8 -7 -6 -6 -5 -4 -4 -4 --------- Run | Scr Mat Min Exi Min Mat Fac Fac Ext Fac Fac Upp Upp Machines Accessed 26 | . 3 . . . 3 1 7 4 3 5 . . Terminals 19 | . 2 . . . 2 . 4 4 2 5 . . Fabricators 1 | . . . . . . . 1 . . . . . Repair Stations 2 | . . . . . 1 . 1 . . . . . Recycling Units 1 | . 1 . . . . . . . . . . . Scanalyzers 1 | . . . . . . 1 . . . . . . Garrison Access 2 | . . . . . . . 1 . 1 . . . Total Hacks 71 | . 9 . . . 10 4 16 8 9 15 . . Successful 41 | . 5 . . . 4 2 9 4 6 11 . . Failed 30 | . 4 . . . 6 2 7 4 3 4 . . Catastrophic 2 | . . . . . . . 1 . 1 . . . Database Lockouts . | . . . . . . . . . . . . . Manual 43 | . 9 . 1 . 4 . 8 3 5 13 . . Terminals 50 | . 6 . . . 4 . 10 8 7 15 . . Fabricators 3 | . . . . . . . 3 . . . . . Repair Stations 8 | . . . . . 6 . 2 . . . . . Recycling Units 3 | . 3 . . . . . . . . . . . Scanalyzers 4 | . . . . . . 4 . . . . . . Garrison Access 3 | . . . . . . . 1 . 2 . . . Terminal Hacks 13 | . 2 . . . 1 . 2 2 2 4 . . Record 3 | . . . . . . . . . 2 1 . . Open Door 3 | . . . . . . . 1 2 . . . . Level Access Points 2 | . . . . . 1 . . . . 1 . . Branch Access Points 2 | . 1 . . . . . . . . 1 . . Terminal Index 1 | . 1 . . . . . . . . . . . Zone Layout 2 | . . . . . . . 1 . . 1 . . Fabricator Hacks 1 | . . . . . . . 1 . . . . . Build 1 | . . . . . . . 1 . . . . . Repair Station Hacks 3 | . . . . . 1 . 2 . . . . . Scan Component 2 | . . . . . 1 . 1 . . . . . Repair 1 | . . . . . . . 1 . . . . . Recycling Unit Hacks . | . . . . . . . . . . . . . Scanalyzer 2 | . . . . . . 2 . . . . . . Insert Component 1 | . . . . . . 1 . . . . . . Analyze 1 | . . . . . . 1 . . . . . . Garrison Access Hacks 2 | . . . . . . . 1 . 1 . . . Seal Access 2 | . . . . . . . 1 . 1 . . . Unauthorized Hacks 20 | . 3 . . . 2 . 3 2 3 7 . . Terminals 20 | . 3 . . . 2 . 3 2 3 7 . . Track 4 | . 1 . . . 1 . . . 1 1 . . Botnet 15 | . 2 . . . 1 . 3 2 2 5 . . Operators 1 | . . . . . . . . . . 1 . . Fabricators . | . . . . . . . . . . . . . Repair Stations . | . . . . . . . . . . . . . Recycling Units . | . . . . . . . . . . . . . Scanalyzers . | . . . . . . . . . . . . . Garrison Access . | . . . . . . . . . . . . . Data Cores Recovered . | . . . . . . . . . . . . . Used . | . . . . . . . . . . . . . Hacking Detections 18 | . 2 . . . 3 . 4 2 3 4 . . Full Trace Events 5 | . . . . . 1 . 3 . . 1 . . Feedback Events . | . . . . . . . . . . . . . Feedback Blocked . | . . . . . . . . . . . . . Robot Schematics Acquired . | . . . . . . . . . . . . . Robots Built . | . . . . . . . . . . . . . Matter . | . . . . . . . . . . . . . Time . | . . . . . . . . . . . . . Total Robot Build Rating . | . . . . . . . . . . . . . Part Schematics Acquired 1 | . . . . . . 1 . . . . . . Parts Built 2 | . . . . . . . 2 . . . . . Matter 256 | . . . . . . . 256 . . . . . Time 64 | . . . . . . . 64 . . . . . Total Part Build Rating 16 | . . . . . . . 16 . . . . . Parts Repaired 1 | . . . . . . . 1 . . . . . Time 13 | . . . . . . . 13 . . . . . Parts Recycled . | . . . . . . . . . . . . . Recycled Matter . | . . . . . . . . . . . . . Retrieved Matter . | . . . . . . . . . . . . . Retrieved Components . | . . . . . . . . . . . . . Parts Scanalyzed 1 | . . . . . . 1 . . . . . . Part Schematics Acquired 1 | . . . . . . 1 . . . . . . Parts Damaged . | . . . . . . . . . . . . . Bothacking | -11 -10 -10 -10 -9 -8 -7 -6 -6 -5 -4 -4 -4 ------------ Run | Scr Mat Min Exi Min Mat Fac Fac Ext Fac Fac Upp Upp Used RIF Installer . | . . . . . . . . . . . . . Robots Hacked . | . . . . . . . . . . . . . Non-combat . | . . . . . . . . . . . . . Combat . | . . . . . . . . . . . . . Robot Hacks Applied . | . . . . . . . . . . . . . Relay Couplers Released . | . . . . . . . . . . . . . Robots Rewired 8 | . . . . . . . . 7 . . . 1 Allies Hacked . | . . . . . . . . . . . . . Hacks Repelled . | . . . . . . . . . . . . . Allies | -11 -10 -10 -10 -9 -8 -7 -6 -6 -5 -4 -4 -4 -------- Run | Scr Mat Min Exi Min Mat Fac Fac Ext Fac Fac Upp Upp Total Allies 15 | . . . . . 5 . . 8 . . . 2 Largest Group 7 | . . . . . 3 . . 7 3 . . 1 Highest-Rated Group 333 | . . . . . 48 . . 333 84 . . 125 Highest-Rated Ally 156 | . . . . . 16 . . 156 31 . . 125 Total Orders . | . . . . . . . . . . . . . Ally Attacks 108 | . . . . . 23 . . 70 10 . . 5 Total Damage 2007 | . . . . . 291 . . 1436 100 . . 180 Kills 11 | . . . . . 2 . . 8 . . . 1 Allies Corrupted . | . . . . . . . . . . . . . Allies Melted 1 | . . . . . . . . . 1 . . . Field Lobotomies 5 | . . . . . 5 . . . . . . . Intel | -11 -10 -10 -10 -9 -8 -7 -6 -6 -5 -4 -4 -4 ------- Run | Scr Mat Min Exi Min Mat Fac Fac Ext Fac Fac Upp Upp Robot Analysis Total . | . . . . . . . . . . . . . Derelict Logs Recovered 3 | . . 1 . 1 . . . . . . 1 . Drone Launches . | . . . . . . . . . . . . . Drone Recoveries . | . . . . . . . . . . . . . Exploration | -11 -10 -10 -10 -9 -8 -7 -6 -6 -5 -4 -4 -4 ------------- Run | Scr Mat Min Exi Min Mat Fac Fac Ext Fac Fac Upp Upp Turns Passed 7721 | 53 372 690 456 247 805 683 1306 547 582 997 492 491 Spaces Moved 3971 | 35 244 441 269 135 324 333 719 247 315 447 258 204 Core 6 | 6 . . . . . . . . . . . . Treads . | . . . . . . . . . . . . . Legs 3778 | . 86 441 269 135 324 333 719 247 315 447 258 204 Wheels 187 | 29 158 . . . . . . . . . . . Hover . | . . . . . . . . . . . . . Flight . | . . . . . . . . . . . . . Fastest Speed 50 | 50 100 150 150 180 150 150 120 117 145 147 150 150 Average Speed 150 | 97 115 150 167 180 175 157 143 146 146 149 150 155 Slowest Speed 240 | 150 180 150 180 180 210 180 155 147 147 180 150 240 Overloaded Moves . | . . . . . . . . . . . . . Propulsion Burnouts . | . . . . . . . . . . . . . Robots Hopped . | . . . . . . . . . . . . . Cave-ins Triggered . | . . . . . . . . . . . . . Exploration Rate (%) 35 | 3 50 91 69 36 35 10 20 42 9 13 46 32 Regions Visited 12 Branch Regions 6 Pre-discovered Areas . | . . . . . . . . . . . . . Known Exits Taken 4 | . 1 . . 1 1 . . . . 1 . . Unknown Exits Taken 8 | 1 . 1 1 . . 1 1 1 1 . 1 . Scrap Searched 4 | . . 1 . 1 . . . . . . 1 1 Spaces Dug . | . . . . . . . . . . . . . Terrain Destroyed 235 | . 4 . . 18 39 2 35 . 3 60 2 72 Melee . | . . . . . . . . . . . . . Projectile 17 | . . . . . . 2 1 . 3 2 2 7 AOE 218 | . 4 . . 18 39 . 34 . . 58 . 65 Actions | -11 -10 -10 -10 -9 -8 -7 -6 -6 -5 -4 -4 -4 --------- Run | Scr Mat Min Exi Min Mat Fac Fac Ext Fac Fac Upp Upp Total 5065 | 53 294 460 276 137 451 437 929 385 387 660 310 286 Wait 384 | 2 12 7 . . 32 37 122 36 18 117 1 . Move 3959 | 34 243 440 268 134 323 332 718 246 314 446 257 204 Hop . | . . . . . . . . . . . . . Pick Up 111 | 10 7 6 3 . 17 11 14 6 12 10 8 7 Fast Attach 7 | . . . . . 1 . . . . 6 . . Attach 78 | 6 3 . . . 9 5 2 4 8 9 13 19 Detach . | . . . . . . . . . . . . . Swap 65 | 1 2 . 2 1 9 12 19 4 6 9 . . Drop 60 | . 2 1 3 . 4 13 19 4 7 6 1 . Fire 317 | . 25 6 . 2 56 27 32 20 22 55 30 42 Melee 5 | . . . . . . . . . . . . 5 Ram 1 | . . . . . . . . . . . . 1 Kick 9 | . . . . . . . 3 1 . 2 . 3 Crush . | . . . . . . . . . . . . . Escape Stasis 10 | . . . . . . . . 10 . . . . Rewire 59 | . . . . . . . . 54 . . . 5 Trap . | . . . . . . . . . . . . . Miscellaneous . | . . . . . . . . . . . . . Route ------- -11/Scrapyard -10/Materials (discovered 4 exits: [*Mat x2] / *Min x2) -10/Mines (discovered 3 exits: [*Mat x2] / *Exi) -10/Exiles -9/Mines -8/Materials (discovered 3 exits: *Fac x3) -7/Factory -6/Factory -6/Extension -5/Factory -4/Factory (discovered 6 exits: Res x4 / *Upp x2) -4/Upper Caves -4/Upper Caves History --------- Turn | Location | Event 17 | -11/Scrapyard | Discovered new exit (range 16) 54 | -11/Scrapyard | Entered Materials 71 | -10/Materials | Identified exit to Mines 100 | -10/Materials | Discovered new exit (range 10) 285 | -10/Materials | Discovered new exit (range 14) 320 | -10/Materials | Build established: Mutant 426 | -10/Materials | Entered Mines 435 | -10/Mines | Discovered new exit (range 13) 503 | -10/Mines | Discovered new exit (range 9) 577 | -10/Mines | Assisted by bots powering up and referring to "LRC-V3" 611 | -10/Mines | Learned Materials emergency access door positions 698 | -10/Mines | Core integrity fell below 50% 1110 | -10/Mines | Deemed a non-threat by the Exiles lab entrance 1110 | -10/Mines | Discovered new exit (range 5) 1116 | -10/Mines | Entered Exiles 1152 | -10/Exiles | Met 8R-AWN 1178 | -10/Exiles | Met EX-HEX 1224 | -10/Exiles | Met EX-BIN 1245 | -10/Exiles | Aligned with FarCom system 1247 | -10/Exiles | Given EX-Vault access code 1281 | -10/Exiles | Opened EX-Vault 1291 | -10/Exiles | Found Prototype Special Weapon 1292 | -10/Exiles | Identified Field Lobotomy Kit 1335 | -10/Exiles | Warned to stay clear of 0b10 Research branches 1388 | -10/Exiles | Met EX-DEC 1554 | -10/Exiles | Discovered new exit (range 11) 1572 | -10/Exiles | Left Exiles lab with Field Lobotomy Kit 1572 | -10/Exiles | Entered Mines 1787 | -9/Mines | Identified exit to Materials 1819 | -9/Mines | Entered Materials 1819 | -8/Materials | Evolved 4 slots: Propulsion x1, Utility x2, Weapon x1 2000 | -8/Materials | Assimilated G-47 Trooper with FLK Orb 2003 | -8/Materials | Assimilated G-47 Trooper with FLK Orb 2006 | -8/Materials | Assimilated H-55 Commando with FLK Orb 2009 | -8/Materials | Assimilated G-47 Trooper with FLK Orb 2014 | -8/Materials | Assimilated G-47 Trooper with FLK Orb 2256 | -8/Materials | Destroyed 7 combat bots 2342 | -8/Materials | Destroyed 7 combat bots 2465 | -8/Materials | Build established: Scavenger-Mutant 2498 | -8/Materials | Identified exit to Factory 2602 | -8/Materials | Destroyed 7 combat bots 2619 | -8/Materials | First assault squad dispatched 2624 | -8/Materials | Entered Factory 2624 | -7/Factory | Evolved 2 slots: Utility x2 2995 | -7/Factory | Build established: Scavenger-Skirmisher 3216 | -7/Factory | Discovered new exit (range 7) 3307 | -7/Factory | Entered another Factory area 3307 | -6/Factory | Evolved 2 slots: Propulsion x1, Utility x1 3478 | -6/Factory | Fabricated Biometal Leg (x2) 3710 | -6/Factory | Repaired Grenade Launcher 3995 | -6/Factory | Build established: Hauler-Skirmisher 4601 | -6/Factory | Discovered new exit (range 10) 4613 | -6/Factory | Entered Extension 4966 | -6/Extension | Rescued A7 5073 | -6/Extension | Spotted B-75 Beast 5082 | -6/Extension | Spotted B-75 Beast 5104 | -6/Extension | Allies destroyed B-75 Beast 5115 | -6/Extension | Allies destroyed B-75 Beast 5150 | -6/Extension | Discovered new exit (range 3) 5160 | -6/Extension | Entered Factory 5160 | -5/Factory | Accompanied by 4 allies 5160 | -5/Factory | Evolved 2 slots: Power x1, Utility x1 5409 | -5/Factory | Build established: Hauler-Tank 5513 | -5/Factory | Lost 4 parts (1n1u2w) 5674 | -5/Factory | Discovered new exit (range 15) 5742 | -5/Factory | Entered another Factory area 5742 | -4/Factory | Evolved 2 slots: Utility x2 5837 | -4/Factory | Identified exit to Research 5981 | -4/Factory | Identified exit to Upper Caves 6104 | -4/Factory | Lost 3 parts (1p1n1u) 6619 | -4/Factory | Garrison activated, responded to threat 6739 | -4/Factory | Entered Upper Caves 6917 | -4/Upper Caves | Build established: Scavenger-Tank 6953 | -4/Upper Caves | Attracted the attention of an 0b10 outpost 7050 | -4/Upper Caves | Destroyed 8 combat bots 7057 | -4/Upper Caves | Lost 14 parts (1p1n6u6w) 7176 | -4/Upper Caves | Attracted the attention of an 0b10 checkpoint 7186 | -4/Upper Caves | Learned Research machine intel 7206 | -4/Upper Caves | Discovered new exit (range 11) 7231 | -4/Upper Caves | Entered another Upper Caves area 7321 | -4/Upper Caves | Lost 7 parts (1p2n2u2w) 7325 | -4/Upper Caves | Destroyed 9 combat bots 7487 | -4/Upper Caves | Lost 3 parts (2u1w) 7556 | -4/Upper Caves | Build established: Scavenger-Mutant 7619 | -4/Upper Caves | Attracted the attention of an 0b10 outpost 7699 | -4/Upper Caves | Core integrity fell below 50% 7717 | -4/Upper Caves | Core integrity fell below 20% 7722 | -4/Upper Caves | Destroyed by G-67 Veteran with Plasma Rifle Last Messages --------------- 07683_ Penetrated by Slug. 07683_ Slug penetrates Machine. 07690_ Penetrated by Slug. 07692_ Electrolaser destroyed. 07692_ Acquired 15 matter. 07692_ Lgt. Antimatter Reactor destroyed. 07697_ Penetrated by Slug. 07701_ Imp. Carbon-fiber Leg destroyed. 07701_ Acquired Imp. Core Shielding. 07704_ Imp. Carbon-fiber Leg destroyed. 07710_ Imp. Deuterium Engine destroyed. 07710_ Power Sword destroyed. 07711_ Slammed into Y-72 Warden. 07711_ Destabilizing: System interference. 07711_ Adv. Coolant Injector temporarily disabled. 07712_ Acquired 7 matter. 07713_ Imp. Core Shielding destroyed. A strange signal echoes through the caves. 07715_ Imp. Deuterium Engine destroyed. 07717_ System corrupted: Energy discharge (-21). Map ----- +----------------------------------------------------+ | ?????????????????????????????????????????????????? | | ?????????????????????????????????????????????????? | | ?????????????????????????????????????????????????? | | ?????????????????????????????????????????????????? | | ?????????????????????????????????????????????????? | | ?????????????????????????????????????????????????? | | ?????????????????????????????????????????????????? | | ?????????????????????????????????????????????????? | | ?????????????????????????????????????????????????? | | ?????????????????????######??????????????????????? | | ??????????###????????# ########?????######????? | | ??????????# #??###### ####### ##?### | | ??????????# ### ## ### | | ???????????# = | | ???????????## ## ## | | ????????????## ######## ## ### | | ?????????????####??????## ## #### | | ????????????????####????## ## #### | | ????????????????# # #????#### #### | | ?????????????????#; ######## #?##### | | ?????????????????## ### #?##### | | ????????????????## ; #?# #### # | | ????????????????#; "" """# #?####### | | ?????????????#### % "# #???## ### | | ?????????????# %Ygg"# ##??# ### | | ?????????????## [%@ " #### ## | | ??????????????### g*i% " % | | ????????????????## # sg ; | | ?????????????????### #s# s # ### ### | | ???????????????????## *s #?##########?# | | ????????????????????## # #????????????# | | ?????????????????????# #???????????# | | ?????????????????????## #??????????# | | ??????????????????????# #?????????# # | | ????????????????????? ##???????? # | | ??????????????????? ##;#???????## | | ????????????????? ## ### ##??#????????# | | ???????????????? ??# ??## #????????????# # | | ???????????????????? ????# ## ##???????????? #? | | ???????????????????##????# #? #????????????# ?? | | ?????????????????????????# ? #???????????? ?? | | ?????????????????????????# #?##????????????? ?? | | ????????????????????????? #????????????????? ?? | | ?????????????????????????# ????????????????????? | | ?????????????????????????## ?????????????????????? | | ?????????????????????????????????????????????????? | | ?????????????????????????????????????????????????? | | ?????????????????????????????????????????????????? | | ?????????????????????????????????????????????????? | | ?????????????????????????????????????????????????? | +----------------------------------------------------+ Best States ------------- Heat Dissipation 108 Coolant Potential 100 Energy Generation 41 Energy Capacity 1040 Matter Stores 300 Matter Capacity 450 Sight Range 16 Terrain Scan Density 10 Power Amplification 20 Armor Coverage 675 Resistance: KI 20 Resistance: TH 20 Resistance: EX 20 Resistance: EM 20 Resistance: I 20 Resistance: S 20 Resistance: P 20 Core Shielding 30 Weapon Shielding 33 Evasion (%) 40 Energy Filtering 30 Particle Charging 15 Offensive Hacking 10 Item Schematics ----------------- Lyr. Light Armor Plating | -7/Factory | Scanalyzed Robot Schematics ------------------ None Fabricated ------------ Biometal Leg | x2 | -6/Factory | Preloaded Alien Tech Used ----------------- None Achievements -------------- What Is This Thing? Challenges ------------ None Game ------ Seed LargeProtonKinecellerator Manual? 0 Play Time 01:36:56 Cumulative 41.4 hours Start 2020.04.24 @ 11:30:08 End 2020.04.24 @ 13:52:24 Sessions 3 Manual Loads 0 Difficulty Adventurer Special Mode None Game No. 28 Rogue 10 Adventurer 18 Explorer 0 Win Type - Total 0 Types 0/0/0/0/0/0/0 Lore% 29 Gallery% 43 Achievement% 31 Wizard Run 0 Options --------- ASCII 0 Keyboard 0 Movement Mouse Keybinds 0 Fullscreen 1 Font 18/SmallcapsGlow Map View 76x50 Tactical HUD 1 Map Filters NONE Filters NONE Steam 1 RUN: cc452d72-885a-414b-8cf0-741392d69a5f